 Dungeon Crawl Stone Soup version 0.29.1-15-g9cfb28693d (webtiles) character file.

Game seed: 2871712737011701084

4 Catalina the Sneak (level 1, -1/12 HPs)
             Began as a Kobold Brigand on Feb 26, 2023.
             Frozen to death by an endoplasm (4 damage)
             ... on level 1 of the Dungeon.
             The game lasted 00:00:41 (54 turns).

Catalina the Sneak (Kobold Brigand)                   Turns: 54, Time: 00:00:42

Health: -1/12      AC:  6    Str:  8    XL:     1   Next: 66%
Magic:  1/1        EV: 12    Int: 12    God:
Gold:   0          SH:  0    Dex: 16    Spells: 0/0 levels left

rFire   . . .      SeeInvis .   a - +2 dagger
rCold   . . .      Faith    .   (no shield)
rNeg    . . .      Spirit   .   f - +0 ring mail
rPois   .          Reflect  .   (no helmet)
rElec   .          Harm     .   c - +0 cloak
rCorr   .          Rampage  .   (no gloves)
Will    .....                   (no boots)
Stlth   +++.......              (no amulet)
HPRegen 0.04/turn               (no ring)
MPRegen 0.07/turn               (no ring)

@: no status effects
A: small, no large weapons, nightstalker 3
a: no special abilities


You were on level 1 of the Dungeon.
You visited 1 branch of the dungeon, and saw 1 of its levels.

Inventory:

Hand Weapons
 a - a +2 dagger (weapon)
Missiles
 d - 9 poisoned darts (quivered)
 e - 3 curare-tipped darts
Armour
 b - a +0 robe
 c - a +0 cloak (worn)
 f - a +0 ring mail (worn)
Potions
 g - a potion of lignification {unknown}


   Skills:
 + Level 2.2 Fighting
 + Level 2.7 Short Blades
 + Level 2.2 Throwing
 + Level 1.2 Dodging
 + Level 5.6 Stealth


You couldn't memorise any spells.
You didn't know any spells.
Your spell library was empty.

Dungeon Overview and Level Annotations

Branches:
Dungeon (1/15)

Altars:


Innate Abilities, Weirdness & Mutations

You are small and have problems with some larger weapons.
You are completely attuned to the shadows.


Message History

The jackal is severely wounded.
A nearby demonic plant withers and dies.
The jackal closely misses you. The jackal misses you.
The goblin hits you but does no damage. The jackal misses you.
You hit the jackal but do no damage. You punch the jackal, but do no damage.
The jackal closely misses you. The jackal barely misses you.
The endoplasm freezes you.
You are frozen.
The goblin barely misses you.
You barely miss the jackal. The jackal barely misses you.
The jackal misses you. The endoplasm freezes you.
You are frozen.
The jackal closely misses you. The goblin hits you but does no damage.
You hit the jackal.
The jackal is severely wounded.
The jackal closely misses you. The jackal barely misses you.
You barely miss the jackal.
The jackal is severely wounded.
The withered plant crumbles away.
The jackal bites you but does no damage.
The endoplasm freezes you.
You are frozen.
The goblin misses you. The jackal barely misses you.
You closely miss the jackal.
The jackal is severely wounded.
The jackal closely misses you. The jackal barely misses you.
The endoplasm closely misses you. The goblin hits you but does no damage.
The jackal bites you but does no damage.
You hit the jackal.
You kill the jackal!
The endoplasm freezes you.
You are frozen.
The goblin barely misses you. The jackal barely misses you.
You hit the jackal.
You kill the jackal!
The endoplasm hits you.
* * * LOW HITPOINT WARNING * * *
The goblin barely misses you.
You closely miss the goblin. The endoplasm freezes you.
You are frozen.
You die...

.. ...
###_#####.#
....P.P.#.####
P.PJP..P#....
...†@..P#..# #
.P..†gP.#>.##..#
..PP.P.#........
P...PP.###.##..#
..PP.P.# #......
PP## ##..##
#..######
#..##...#
#..##...#


You could see an endoplasm and a goblin.

Vanquished Creatures
  3 jackals (D:1)
3 creatures vanquished.

Vanquished Creatures (others)
  2 demonic plants (D:1)
  2 withered plants (D:1)
4 creatures vanquished.

Grand Total: 7 creatures vanquished

Notes
Turn   | Place    | Note
-------+----------+-------------------------------------------
     0 | D:1      | Catalina the Kobold Brigand began the quest for the Orb.
     0 | D:1      | Reached XP level 1. HP: 12/12 MP: 1/1
    35 | D:1      | Found a faded altar of an unknown god.
    54 | D:1      | Frozen to death by an endoplasm

Illustrated notes

Levels and vault maps discovered:
D:1:      dpeg_arrival_rooms_a, layout_loops_cross,
          shapermc_ecumenical_altar_gd, minmay_misc_feat_doors,
          minmay_lizard_king

Action                   || total
-------------------------++-------
Melee: Dagger            ||    16
       Punch             ||     1
Armor: Ring mail         ||     6
Dodge: Dodged            ||    23
